AoeStats
← El Fantasma de Pancho Villa

Nomad

509972518Analyzed
4v4 RM · 2d ago on Sep 28, 2026· 58m 52s· 8 players
Game mode
Random Map
Map size
231×231
Population
200
Speed
Normal
Resources
Standard
Victory
Conquest
Starting age
Dark Age
Ending age
Imperial Age
RankedLock teamsTeams togetherTeam positionsShared explorationLock speedFull tech treeHidden civsTurbo modeCheats
Victory
Defeat
🇭🇰 Varangians · Hong Kong SAR China
1359
+13
🇺🇸 Cumans · United States
1153
+22
🇸🇰 Japanese · Slovakia
1143
+22
🇺🇸 Huns · United States
1143
+22
🇧🇷 Lithuanians · Brazil
1369
-22
🇨🇴 Mongols · Colombia
1281
-20
1262
-19
🇦🇷 Slavs · Argentina
1228
-18
TGF LordKYO
4:13 Loom
4:38 Loom
12:45 Feudal Age
17:38 Castle Age
16:17 Fletching
16:54 Stone Mining
17:15 Double-Bit Axe
18:14 Town Watch
23:31 Fishing Lines
24:22 Padded Archer Armor
24:58 Horse Collar
25:33 Bow Saw
27:00 Heavy Plow
30:03 Wheelbarrow
32:15 Bloodlines
32:06 Husbandry
32:17 Forging
32:12 Scale Barding Armor
36:02 Imperial Age
33:29 Light Cavalry
35:13 Iron Casting
35:01 Chain Barding Armor
34:52 Bodkin Arrow
36:13 Hussar
38:10 Hand Cart
38:43 Conscription
40:17 Hoardings
40:58 Drill
42:21 Blast Furnace
42:07 Leather Archer Armor
41:52 Bracer
43:02 Ballistics
43:48 Chemistry
43:43 Murder Holes
43:53 Siege Engineers
44:56 Gold Mining
46:06 Elite Mangudai
47:47 Parthian Tactics
46:59 Capped Ram
48:03 Scale Mail Armor
56:01 Chain Mail Armor
Si me criticas te fedeo
3:33 Loom
15:55 Feudal Age
16:23 Town Watch
20:39 Castle Age
19:06 Stone Mining
22:04 Wheelbarrow
21:46 Fletching
24:57 Double-Bit Axe
27:20 Gold Mining
27:29 Fishing Lines
29:14 Padded Archer Armor
34:47 Leather Archer Armor
34:28 Bodkin Arrow
39:02 Imperial Age
41:54 Imperial Age
40:39 Hand Cart
42:52 Bracer
44:46 Ring Archer Armor
45:29 Ballistics
47:09 Chemistry
48:48 Horse Collar
50:23 Scale Barding Armor
50:34 Light Cavalry
51:22 Husbandry
51:32 Bloodlines
51:45 Chain Barding Armor
53:59 Plate Barding Armor
57:12 Heavy Plow
58:18 Crop Rotation
cesarmmartins
6:26 Loom
14:25 Feudal Age
14:55 Town Watch
15:00 Double-Bit Axe
20:07 Castle Age
18:44 Stone Mining
18:45 Gold Mining
19:08 Fletching
24:47 Scale Barding Armor
28:34 Bow Saw
31:48 Wheelbarrow
31:43 Horse Collar
34:57 Hand Cart
36:11 Bodkin Arrow
38:19 Scale Mail Armor
38:29 Forging
38:00 Pikeman
53:50 Bloodlines
56:05 Chain Barding Armor
58:40 Iron Casting
58:38 Squires
[ATARB]PELUCHE GUACHIN
8:07 Loom
12:31 Feudal Age
13:07 Horse Collar
16:25 Double-Bit Axe
22:01 Castle Age
19:52 Stone Mining
23:33 Heavy Plow
23:44 Bow Saw
28:27 Wheelbarrow
30:03 Hand Cart
30:36 Gold Mining
30:39 Man-at-Arms
31:33 Forging
31:23 Scale Mail Armor
31:26 Squires
32:22 Gold Shaft Mining
35:28 Imperial Age
32:39 Long Swordsman
34:46 Iron Casting
34:26 Chain Mail Armor
34:29 Detinets
35:35 Two-Handed Swordsman
36:20 Druzhina
35:43 Capped Ram
36:49 Siege Ram
38:53 Champion
42:02 Conscription
41:04 Pikeman
52:41 Halberdier
54:29 Blast Furnace
53:59 Plate Mail Armor
El Fantasma de Pancho Villa
5:28 Loom
16:50 Feudal Age
16:58 Man-at-Arms
18:05 Scale Mail Armor
19:57 Forging
27:08 Double-Bit Axe
41:29 Castle Age
40:06 Wheelbarrow
39:36 Horse Collar
40:53 Gold Mining
40:54 Stone Mining
41:44 Long Swordsman
43:57 Chain Mail Armor
43:11 Capped Ram
45:46 Iron Casting
45:24 Heavy Plow
52:15 Imperial Age
50:01 Hand Cart
50:11 Crossbowman
51:38 Fletching
51:48 Padded Archer Armor
53:19 Thumb Ring
54:03 Leather Archer Armor
53:47 Bodkin Arrow
55:22 Chemistry
55:30 Ring Archer Armor
56:05 Elite Skirmisher
kneehao
14:14 Feudal Age
14:27 Loom
16:05 Fishing Lines
18:14 Fletching
22:10 Castle Age
20:40 Double-Bit Axe
23:20 Bodkin Arrow
24:10 Padded Archer Armor
24:57 Elite Skirmisher
26:31 Thumb Ring
28:19 Bow Saw
29:28 Horse Collar
32:11 Town Watch
36:41 Imperial Age
34:48 Stone Mining
34:49 Gold Mining
35:01 Heavy Plow
36:06 Wheelbarrow
36:41 Leather Archer Armor
37:42 Bracer
39:20 Conscription
49:43 Two-Man Saw
50:10 Bloodlines
50:01 Husbandry
49:23 Light Cavalry
52:00 Hussar
53:22 Scale Barding Armor
54:11 Forging
55:57 Wheelbarrow
56:42 Town Patrol
57:07 Chain Barding Armor
58:55 Iron Casting
Kebab do ruky
13:32 Feudal Age
12:05 Loom
15:35 Double-Bit Axe
19:56 Castle Age
21:15 Bow Saw
20:48 Fishing Lines
22:25 Gillnets
23:53 Fletching
25:02 Wheelbarrow
27:12 Town Watch
30:29 Imperial Age
28:15 Padded Archer Armor
28:58 Hand Cart
30:13 Bodkin Arrow
30:15 Elite Skirmisher
31:22 Leather Archer Armor
31:23 Town Patrol
33:17 Conscription
33:10 Squires
34:20 Bracer
34:21 Scale Mail Armor
35:29 Forging
36:57 Ballistics
36:44 Siege Engineers
36:21 Treadmill Crane
36:59 Thumb Ring
37:12 Pikeman
38:37 Chain Mail Armor
38:57 Iron Casting
39:24 Elite Samurai
48:50 Halberdier
51:03 Plate Mail Armor
51:34 Blast Furnace
50:59 Kataparuto
53:19 Ring Archer Armor
53:40 Murder Holes
54:56 Chemistry
54:10 Arson
56:08 Masonry
56:10 Clinker Construction
LiBi
9:08 Loom
14:13 Feudal Age
15:54 Double-Bit Axe
18:14 Castle Age
16:00 Fishing Lines
19:37 Medium Warships
19:58 Bow Saw
20:26 Gillnets
21:56 Wheelbarrow
22:29 Wheelbarrow
24:47 Gold Mining
24:48 Stone Mining
26:28 Horse Collar
28:07 Hand Cart
28:14 Hand Cart
32:54 Imperial Age
30:54 Heavy Plow
31:51 Bloodlines
31:42 Husbandry
32:00 Scale Barding Armor
32:06 Forging
31:47 Fletching
33:09 Chain Barding Armor
33:14 Cavalier
35:40 Conscription
36:01 Plate Barding Armor
35:48 Vendel Legacy
39:15 Iron Casting
39:44 Stone Shaft Mining
39:42 Crop Rotation
41:30 Chemistry
41:13 Elite Jarl
42:59 Blast Furnace
41:54 Bodkin Arrow
48:20 Light Cavalry
48:57 Treadmill Crane
49:17 Hussar
51:10 Two-Man Saw
Connection lost

Rejoining the realm…

Still unreachable

The connection could not be restored.

Session expired

The server has moved on; the page needs a fresh start.